 Dungeon Crawl Stone Soup version 0.21-a0-516-gaaff437 (webtiles) character file.

239065 theanonym the Brawler (level 19, -2/179 HPs)
             Began as a Ghoul Fighter on Dec 3, 2017.
             Was the Champion of Yredelemnul.
             Slain by an earth elemental (19 damage)
             ... in a wizard's laboratory.
             The game lasted 01:32:16 (32551 turns).

theanonym the Brawler (Ghoul Fighter)              Turns: 32551, Time: 01:32:17

Health: -2/179     AC: 25    Str: 32    XL:     19   Next: 28%
Magic:  25/25      EV: 13    Int:  6    God:    Yredelemnul [******]
Gold:   1432       SH: 23    Dex: 17    Spells: 13/18 levels left

rFire    + . .     SeeInvis +     - Unarmed
rCold    + + .     Gourm    .   S - +3 shield of Wonder {*Contam +Blink rElec}
rNeg     + + +     Faith    .   E - +2 plate armour {rF+}
rPois    ∞         Spirit   .   a - +2 helmet of the Distant Future {rPois rF- Str+3 Stlth+}
rElec    +         Reflect  +   N - +0 cloak
rCorr    .         Harm     .   (no gloves)
MR       +....                  P - +0 pair of boots
Stlth    ..........             C - +5 amulet of reflection
HPRegen  0.00/turn              K - ring "Ethrojeacw" {rF+ rC+ SInv}
MPRegen  0.19/turn              o - ring of Pride {rElec Str+5 Int+3 Stlth+}

@: agile, injury mirror, rotting
A: rotting body, claws 1, carnivore 3, cold resistance 1, negative energy
resistance 3, inhibited regeneration, torment resistance, unbreathing
}: 2/15 runes: barnacled, gossamer
a: Recall Undead Slaves, Injury Mirror, Animate Dead, Drain Life, Enslave Soul,
Renounce Religion, Evoke Blink


Innate Abilities, Weirdness & Mutations

Your body is rotting away.
You thrive on raw meat.
You are immune to poison.
You have sharp fingernails.
You are carnivorous and can eat meat at any time.
Your flesh is cold resistant. (rC+)
You are immune to negative energy. (rN+++)
You do not regenerate when monsters are visible.
You are immune to unholy pain and torment.
You can survive without breathing.


   Skills:
 + Level 18.1 Fighting
 + Level 13.8 Armour
 + Level 13.8 Shields
 - Level 20.0 Unarmed Combat
 - Level 10.0 Invocations


You had 13 spell levels left.
You knew the following spells:

 Your Spells              Type           Power        Failure   Level  Hunger
e - Lesser Beckoning      Tloc           #.........   100%        3    ####...
g - Blink                 Tloc           N/A          99%         2    ###....

Skill      XL: |  1  2  3  4  5  6  7  8  9 10 11 12 13 14 15 16 17 18 19 |
---------------+----------------------------------------------------------+-----
Unarmed Combat | 3 4 7 8 10 11 13 14 15 16 17 18 19 20 | 20.0
Fighting       | 4 6 8 10 12 13 14 15 16 17 18 | 18.1
Invocations    | 2 3 5 6 8 10 | 10.0
Armour         | 3 6 7 9 10 11 12 13 | 13.8
Shields        | 3 6 7 9 10 11 12 13 | 13.8

Action                   |  1- 3 |  4- 6 |  7- 9 | 10-12 | 13-15 | 16-18 | 19-21 || total
-------------------------+-------+-------+-------+-------+-------+-------+-------++-------
Melee: Unarmed           |   146 |   122 |   318 |   726 |  1110 |  1154 |   135 ||  3711
Throw: Throwing net      |       |       |     3 |     5 |       |       |       ||     8
       Tomahawk          |       |       |       |     3 |       |       |       ||     3
Invok: Animate Remains   |       |       |       |     8 |       |       |       ||     8
       Animate Dead      |       |       |       |    27 |    64 |    38 |     3 ||   132
       Recall Undead Sla |       |       |       |     3 |     5 |     6 |     1 ||    15
       Drain Life        |       |       |       |     1 |    10 |     9 |     3 ||    23
       Injury Mirror     |       |       |       |     1 |       |       |     1 ||     2
       Enslave Soul      |       |       |       |       |       |     1 |       ||     1
       Stop Recall       |       |       |       |       |       |       |     1 ||     1
Evoke: Wand              |       |     1 |     7 |     3 |     9 |     1 |       ||    21
       Box of beasts     |       |       |       |     2 |     5 |       |       ||     7
  Use: Potion            |       |     1 |       |     4 |     7 |    14 |     4 ||    30
       Scroll            |       |       |    13 |    16 |     8 |     5 |     1 ||    43
 Stab: Paralysed         |       |       |     3 |       |     4 |       |       ||     7
       Invisible         |       |       |       |     4 |       |       |       ||     4
       Distracted        |       |       |       |       |    13 |    13 |       ||    26
       Confused          |       |       |       |       |     2 |       |       ||     2
       Held in net/web   |       |       |       |       |       |     2 |       ||     2
  Eat: Chunk             |     6 |    10 |    35 |    59 |   109 |    80 |    12 ||   311
       Royal jelly       |       |     1 |     1 |     3 |     2 |       |       ||     7
Armor: Scale mail        |    46 |    37 |    43 |       |       |       |       ||   126
       Chain mail        |       |       |    94 |    46 |       |       |       ||   140
       Plate armour      |       |       |       |   301 |   442 |   560 |    40 ||  1343
Dodge: Dodged            |    32 |    24 |    84 |    87 |   174 |   228 |    25 ||   654
Block: Shield            |    61 |    49 |   176 |   341 |   668 |  1161 |    96 ||  2552
       Reflection        |       |       |       |       |    37 |    73 |    15 ||   125

Inventory:

Armour
 a - the +2 helmet of the Distant Future (worn) {rPois rF- Str+3 Stlth+}
   (You bought it in a shop on level 2 of the Shoals)

   It affects your strength (+3).
   It makes you vulnerable to fire.
   It protects you from poison.
   It makes you more stealthy.
 n - a +2 hat of see invisible
   (You took it off Gastronok on level 3 of the Lair of Beasts)
 E - a +2 plate armour of fire resistance (worn)
   (You took it off an orc warrior on level 1 of the Orcish Mines)
 N - a +0 cloak (worn)
   (You took it off Crazy Yiuf on level 3 of the Dungeon)
 P - a +0 pair of boots (worn)
   (You found it on level 3 of the Lair of Beasts)
 S - the +3 shield of Wonder (worn) {*Contam +Blink rElec}
   (You found it on level 2 of the Shoals)

   It insulates you from electricity.
   It lets you blink.
   It causes magical contamination when unequipped.
Jewellery
 o - the ring of Pride (right claw) {rElec Str+5 Int+3 Stlth+}
   (You found it on level 4 of the Shoals)

   [ring of stealth]

   It affects your strength (+5).
   It affects your intelligence (+3).
   It insulates you from electricity.
   It makes you more stealthy.
 z - a +2 ring of strength
   (You took it off a deep elf mage on level 2 of the Elven Halls)
 B - an uncursed ring of protection from fire {rF+}
   (You found it on level 12 of the Dungeon)
 C - a +5 amulet of reflection (around neck)
   (You bought it in a shop on level 2 of the Orcish Mines)
 K - the ring "Ethrojeacw" (left claw) {rF+ rC+ SInv}
   (You found it on level 6 of the Lair of Beasts)

   [ring of see invisible]

   It protects you from fire.
   It protects you from cold.
   It lets you see invisible.
 Q - an uncursed ring of protection from magic {MR+}
   (You found it on level 2 of the Shoals)
Wands
 c - a wand of clouds (8)
   (You found it on level 4 of the Dungeon)
 d - a wand of digging (15)
   (You found it on level 10 of the Dungeon)
 i - a wand of iceblast (8)
   (You took it off Psyche on level 8 of the Dungeon)
 v - a wand of acid (15)
   (You found it on level 6 of the Dungeon)
 A - a wand of paralysis (22)
   (You found it on level 2 of the Lair of Beasts)
 M - a wand of flame (27)
   (You found it on level 4 of the Shoals)
Scrolls
 b - 4 scrolls of blinking
 f - 8 scrolls of fog {!r}
 h - 18 scrolls of remove curse
 l - 6 scrolls of enchant armour
 r - 5 scrolls of identify
 s - 3 scrolls of noise
 t - 16 scrolls of teleportation {!r}
 y - a scroll of magic mapping {!r}
 G - a scroll of torment {!r}
 J - 3 scrolls of immolation
 O - 2 scrolls of summoning
 W - a scroll of silence
Potions
 e - 3 potions of invisibility
 p - 3 potions of flight
 u - 5 potions of ambrosia
 w - 3 potions of curing
 x - 2 potions of magic
 D - 2 potions of resistance
 X - a potion of cancellation
Miscellaneous
 I - 2 phantom mirrors
 L - a lightning rod (4/4)
   (You found it on level 4 of the Shoals)
Comestibles
 g - 8 royal jellies
 k - 11 meat rations

Dungeon Overview and Level Annotations

Branches:
Dungeon (13/15)            Temple (1/1) D:5            Lair (6/6) D:11
 Shoals (4/4) Lair:2       Spider (4/4) Lair:2        Slime (0/5) Lair:5
    Orc (2/2) D:10            Elf (3/3) Orc:2
 Vaults: D:13-14

Altars:
Ashenzari
Cheibriados
Dithmenos
Elyvilon
Fedhas
Gozag
Hepliaklqana
Kikubaaqudgha
Makhleb
Nemelex Xobeh
Okawaru
Qazlal
Ru
Sif Muna
Uskayaw
Vehumet
Wu Jian
Xom
Yredelemnul
Zin
The Shining One
Beogh

Shops:
D:8 =   Orc:1 *   Orc:2 *[(=   Elf:3 *   Shoals:2 [*=[[

Annotations:
D:12 1 runed door
Orc:1 fi manual You were in a wizard's laboratory. You worshipped Yredelemnul. Yredelemnul was exalted by your worship. You were not hungry. You visited 7 branches of the dungeon, and saw 33 of its levels. You visited the
Abyss 1 time. You also visited: Ice Cave and Wizlab. You collected 2905 gold pieces. You spent 1473 gold pieces at shops.


Message History

You block the electric golem's attack.
The electric golem hits you but does no damage.
The electric golem hits you.
* * * LOW HITPOINT WARNING * * *
The electric golem closely misses you.
The electric golem hurls lightning at you.
The bolt of lightning hits you! You resist.
* * * LOW HITPOINT WARNING * * *
The bolt of lightning hits your vampire knight.
Things that are here:
a mace; a dire flail You take 11 damage, and have 54/179 hp.
The electric golem barely misses your vampire knight.
The electric golem hits your vampire knight but does no damage. x3
The electric golem hurls lightning at you.
The bolt of lightning hits your vampire knight.
The bolt of lightning hits you! You resist.
* * * LOW HITPOINT WARNING * * *
Your vampire knight hits the electric golem with a war axe!!
Your vampire knight bites the electric golem.
The electric golem hits your vampire knight but does no damage. x4
You take 12 damage, and have 42/179 hp.
You swap places.
The electric golem hurls lightning at you.
The bolt of lightning hits you! You resist.
* * * LOW HITPOINT WARNING * * *
You block the electric golem's attack.
The electric golem hits you but does no damage.
The electric golem barely misses you. You block the electric golem's attack.
Things that are here:
a mace; a dire flail You take 9 damage, and have 33/179 hp.
You feel much better. You block the electric golem's attack.
The electric golem barely misses you. The electric golem hits you.
* * * LOW HITPOINT WARNING * * *
The electric golem hits you but does no damage.
You regained 25 hp, and now have 58/179 hp.
Here: an electric golem (moderately damaged)
The rough-hewn floor.
Unknown command.
You miss the electric golem.
The electric golem hits you but does no damage.
The electric golem closely misses you.
The electric golem hits you but does no damage. x2
You miss the electric golem.
You block the electric golem's attack. x3
The electric golem closely misses you.
You offer yourself to Yredelemnul, and are filled with unholy energy.
The electric golem hurls lightning at you.
The bolt of lightning hits you! You resist.
* * * LOW HITPOINT WARNING * * *
The bolt of lightning hits your vampire knight.
Your vampire knight is destroyed!
Yredelemnul mirrors your injury!
The electric golem hits you but does no damage.
The electric golem hits you.
* * * LOW HITPOINT WARNING * * *
The electric golem shocks you. You resist.
* * * LOW HITPOINT WARNING * * *
Yredelemnul mirrors your injury!
The electric golem hits you but does no damage.
You block the electric golem's attack.
You take 21 damage, and have 37/179 hp.
You scratch the electric golem but do no damage.
The electric golem hurls lightning at you.
The bolt of lightning hits you! You resist.
* * * LOW HITPOINT WARNING * * *
Yredelemnul mirrors your injury!
You take 8 damage, and have 29/179 hp.
You mangle the electric golem!!
The electric golem hurls lightning at you.
The bolt of lightning hits you! You resist.
* * * LOW HITPOINT WARNING * * *
Yredelemnul mirrors your injury!
You take 11 damage, and have 18/179 hp.
You feel much better. The electric golem hits you!
* * * LOW HITPOINT WARNING * * *
The electric golem shocks you. You resist.
* * * LOW HITPOINT WARNING * * *
Yredelemnul mirrors your injury! You block the electric golem's attack.
The electric golem hits you but does no damage.
You block the electric golem's attack.
The earth elemental hits you but does no damage.
You regained 3 hp, and now have 21/179 hp.
Your plate armour prevents you from hitting the electric golem.
The electric golem crackles and sizzles.
You block the electric golem's attack. x2
The electric golem closely misses you. The electric golem barely misses you.
You block the earth elemental's attack.
You feel better.
You block the electric golem's attack. x2
The electric golem hits you but does no damage. x2
The electric golem hits you.
* * * LOW HITPOINT WARNING * * *
The electric golem shocks you. You resist.
* * * LOW HITPOINT WARNING * * *
Yredelemnul mirrors your injury!
The electric golem hits you but does no damage. x2
The electric golem barely misses you. The earth elemental hits you!!
You die...
Yredelemnul claims you as an undead slave.

....# #......[.....[....... #....
....###....................##....
........#........................
........#[.............[.........
##......#.........)............##
###.........................###
####...................####
#####....E8E....#####
######@###### ###.).###
##.......## #.........#
#.∩..∩..∩.# #.........#
##.......## ###...### #####


You could see an electric golem and 2 earth elementals.

Notes
Turn   | Place    | Note
-------+----------+-------------------------------------------
     0 | D:1      | theanonym the Ghoul Fighter began the quest for the Orb.
     0 | D:1      | Reached XP level 1. HP: 19/19 MP: 0/0
   163 | D:1      | Reached skill level 3 in Unarmed Combat
   163 | D:1      | Reached XP level 2. HP: 17/26 MP: 1/1
   658 | D:1      | Reached XP level 3. HP: 31/31 MP: 2/2
  1024 | D:1      | Reached skill level 4 in Unarmed Combat
  1687 | D:2      | Found a white marble altar of Elyvilon.
  1692 | D:2      | Found a snail-covered altar of Cheibriados.
  1695 | D:2      | Found a hazy altar of Hepliaklqana.
  1746 | D:2      | HP: 15/31 [worm (1)]
  1977 | D:3      | Reached XP level 4. HP: 38/38 MP: 3/3
  2059 | D:3      | Noticed Grinder
  2060 | D:3      | Noticed Terence
  2082 | D:3      | Killed Terence
  2082 | D:3      | Reached skill level 5 in Unarmed Combat
  2087 | D:3      | Paralysed by Grinder for 4 turns
  2089 | D:3      | HP: 18/38 [Grinder (5)]
  2092 | D:3      | Killed Grinder
  2092 | D:3      | Reached skill level 7 in Unarmed Combat
  2092 | D:3      | Reached XP level 5. HP: 21/45 MP: 4/4
  2092 | D:3      | Reached XP level 6. HP: 24/51 MP: 5/5
  2292 | D:3      | Noticed Jessica
  2312 | D:3      | Killed Jessica
  2502 | D:3      | Found a runed door.
  3237 | D:3      | Noticed Crazy Yiuf
  3247 | D:3      | Killed Crazy Yiuf
  3371 | D:4      | Noticed a slave
  3373 | D:4      | Noticed Pikel
  3373 | D:4      | Noticed a slave
  3374 | D:4      | Noticed a slave
  3375 | D:4      | Noticed a slave
  3389 | D:3      | HP: 21/51 [slave[Pikel] (7)]
  3393 | D:3      | Killed a slave
  3601 | D:4      | Reached skill level 8 in Unarmed Combat
  3601 | D:4      | Reached XP level 7. HP: 43/56 MP: 6/6
  3683 | D:4      | Noticed Eustachio
  3795 | D:4      | Killed Eustachio
  3944 | D:4      | Reached skill level 9 in Unarmed Combat
  3977 | D:4      | HP: 27/57 [Pikel/whip of flaming (6)]
  4003 | D:4      | HP: 22/57 [Pikel/whip of flaming (3)]
  4014 | D:4      | HP: 16/57 [quokka (4)]
  4021 | D:4      | HP: 12/57 [Pikel/whip of flaming (4)]
  4459 | D:4      | Killed Pikel
  4459 | D:4      | Reached skill level 10 in Unarmed Combat
  4459 | D:4      | Reached XP level 8. HP: 49/62 MP: 7/7
  4568 | D:4      | HP: 16/62 [ogre/giant club (27)]
  4988 | D:5      | Entered Level 5 of the Dungeon
  4994 | D:5      | Noticed Menkaure
  5003 | D:5      | Killed Menkaure
  5003 | D:5      | Reached skill level 4 in Fighting
  5003 | D:5      | Reached skill level 11 in Unarmed Combat
  5165 | D:5      | Found a staircase to the Ecumenical Temple.
  5171 | D:5      | Reached XP level 9. HP: 72/73 MP: 8/8
  5179 | Temple   | Entered the Ecumenical Temple
  5352 | D:5      | Found a shimmering altar of Xom.
  5391 | D:5      | Reached skill level 5 in Fighting
  5398 | D:5      | HP: 37/74 [big kobold/crystal trident {flame} (3)]
  5403 | D:5      | HP: 34/74 [big kobold/crystal trident {flame} (6)]
  5650 | D:5      | Noticed Blork the orc
  5661 | D:5      | Killed Blork the orc
  5698 | D:5      | Reached skill level 12 in Unarmed Combat
  5792 | D:5      | Found the +4 Vampire's Tooth {vamp}
  5832 | D:5      | Found a basalt altar of Yredelemnul.
  5987 | D:5      | Became a worshipper of Yredelemnul the Dark
  6025 | D:6      | Noticed Edmund
  6033 | D:6      | Killed Edmund
  6117 | D:6      | Reached skill level 6 in Fighting
  6353 | D:6      | Reached skill level 1 in Invocations
  6414 | D:6      | Reached * piety under Yredelemnul
  6812 | D:6      | Found an ancient bone altar of Kikubaaqudgha.
  6818 | D:6      | Reached skill level 2 in Invocations
  7148 | D:7      | Reached skill level 13 in Unarmed Combat
  7179 | D:7      | Reached XP level 10. HP: 77/84 MP: 9/11
  7184 | D:7      | Reached skill level 3 in Invocations
  7307 | D:7      | Reached skill level 7 in Fighting
  7550 | D:7      | Reached ** piety under Yredelemnul
  7750 | D:7      | HP: 39/86 [ogre/giant club (13)]
  8187 | D:8      | Noticed Joseph
  8205 | D:8      | HP: 37/86 [Joseph/uncursed quarterstaff (8)]
  8209 | D:8      | Killed Joseph
  8386 | D:8      | Found Tumaipru's Jewellery Shoppe.
  8479 | D:8      | Reached skill level 14 in Unarmed Combat
  8503 | D:8      | HP: 43/87 [killer bee (7)]
  8508 | D:8      | HP: 36/87 [killer bee (5)]
  8509 | D:8      | Reached skill level 8 in Fighting
  8515 | D:8      | HP: 34/87 [adder (2)]
  8554 | D:8      | HP: 44/88 [killer bee (7)]
  8580 | D:8      | Noticed Psyche
  8598 | D:8      | Killed Psyche
  8745 | D:8      | Noticed a two-headed ogre
  8754 | D:8      | Killed a two-headed ogre
  8754 | D:8      | Reached *** piety under Yredelemnul
  8754 | D:8      | Reached XP level 11. HP: 91/95 MP: 12/12
  9076 | D:9      | Reached skill level 9 in Fighting
  9087 | D:9      | Reached skill level 4 in Invocations
  9521 | D:9      | Received a gift from Yredelemnul (a mummy)
  9610 | D:10     | Entered Level 10 of the Dungeon
  9656 | D:10     | Reached skill level 15 in Unarmed Combat
 10122 | D:10     | Reached skill level 5 in Invocations
 10256 | D:10     | Noticed a fire crab
 10266 | D:10     | HP: 42/97 [fire crab (shapeshifter)] (14)]
 10267 | D:10     | Killed a fire crab
 10638 | D:10     | Found a staircase to the Orcish Mines.
 10867 | D:10     | Noticed a two-headed ogre
 10876 | D:10     | Killed a two-headed ogre
 10876 | D:10     | Reached skill level 10 in Fighting
 10920 | Orc:1    | Entered Level 1 of the Orcish Mines
 11178 | D:11     | Reached **** piety under Yredelemnul
 11237 | D:11     | Identified the cursed +0 ring mail of Liniri {Int+2 Stlth+} (You found it on level 11 of the Dungeon)
 11317 | D:11     | Noticed a death yak
 11321 | D:11     | Noticed a death yak
 11324 | D:11     | Noticed a death yak
 11327 | D:11     | Noticed a death yak
 11327 | D:11     | Noticed a death yak
 11328 | D:11     | HP: 46/101 [death yak (11)]
 11330 | D:11     | Noticed a death yak
 11331 | D:11     | Noticed a death yak
 11335 | D:11     | HP: 37/101 [orc wizard/magic dart (3)]
 11342 | D:11     | Noticed a manticore
 11350 | D:11     | HP: 44/101 [death yak (21)]
 11355 | D:11     | Killed a death yak
 11355 | D:11     | Reached skill level 3 in Armour
 11355 | D:11     | Reached skill level 3 in Shields
 11356 | D:11     | HP: 37/101 [death yak (7)]
 11359 | D:11     | Killed a death yak
 11362 | D:11     | HP: 14/101 [death yak (10)]
 11368 | D:11     | Killed a death yak
 11372 | D:11     | Reached XP level 12. HP: 17/108 MP: 5/14
 11818 | D:11     | Killed a death yak
 11887 | D:11     | HP: 46/107 [death yak (20)]
 11899 | D:11     | HP: 34/107 [death yak (12)]
 11904 | D:11     | Killed a death yak
 11904 | D:11     | Reached skill level 11 in Fighting
 11904 | D:11     | Reached skill level 4 in Armour
 11904 | D:11     | Reached skill level 4 in Shields
 11917 | D:11     | HP: 14/109 [manticore (3)]
 11921 | D:11     | HP: 4/109 [manticore/volley of spikes (7)]
 11923 | D:11     | Found a staircase to the Lair.
 12211 | D:11     | Killed a death yak
 12211 | D:11     | Reached skill level 16 in Unarmed Combat
 12217 | D:11     | HP: 53/110 [death yak (18)]
 12235 | D:11     | HP: 31/110 [death yak (22)]
 12240 | D:11     | HP: 15/110 [death yak (16)]
 12241 | D:11     | Killed a death yak
 12665 | D:11     | Found a roughly hewn altar of Beogh.
 12788 | Lair:1   | Entered Level 1 of the Lair of Beasts
 13317 | Lair:1   | Noticed a six-headed hydra
 13328 | Lair:1   | Killed a six-headed hydra
 13483 | Lair:1   | Reached skill level 5 in Armour
 13483 | Lair:1   | Reached skill level 5 in Shields
 13937 | Lair:2   | Received a gift from Yredelemnul (a wight)
 14248 | Lair:2   | Noticed an eight-headed hydra
 14256 | Lair:2   | Killed an eight-headed hydra
 14540 | Lair:2   | HP: 46/107 [wolf (8)]
 14551 | Lair:2   | HP: 37/107 [wolf (2)]
 14557 | Lair:2   | HP: 35/108 [wolf (3)]
 14744 | Lair:2   | Found a staircase to the Shoals.
 14757 | Lair:2   | Found a hole to the Spider Nest.
 15262 | Lair:3   | Noticed Gastronok
 15299 | Lair:3   | Killed Gastronok
 15385 | Lair:3   | Noticed Fannar
 15399 | Lair:3   | Killed Fannar
 15399 | Lair:3   | Reached skill level 12 in Fighting
 15399 | Lair:3   | Reached skill level 6 in Armour
 15399 | Lair:3   | Reached skill level 6 in Shields
 15399 | Lair:3   | Reached XP level 13. HP: 118/118 MP: 13/15
 15787 | Lair:3   | Noticed Sonja
 15835 | Lair:3   | Killed Sonja
 16082 | Lair:4   | HP: 52/118 [blink frog (9)]
 16086 | Lair:3   | Received a gift from Yredelemnul (a mummy)
 16211 | Lair:4   | HP: 55/119 [porcupine (10)]
 16216 | Lair:4   | HP: 32/119 [blink frog (5)]
 16226 | Lair:4   | HP: 29/119 [blink frog (3)]
 16811 | Lair:4   | Received a gift from Yredelemnul (a wraith)
 17167 | Lair:5   | Found a staircase to the Slime Pits.
 17332 | Lair:5   | Reached skill level 7 in Shields
 17340 | Lair:5   | Reached skill level 7 in Armour
 17390 | Lair:5   | Received a gift from Yredelemnul (a wight)
 17875 | Lair:6   | Entered Level 6 of the Lair of Beasts
 17929 | Lair:6   | Reached skill level 17 in Unarmed Combat
 17973 | Lair:6   | Received a gift from Yredelemnul (a wight)
 18050 | Lair:6   | HP: 51/119 [death yak (14)]
 18056 | Lair:6   | HP: 32/119 [death yak (19)]
 18147 | Lair:6   | HP: 51/119 [wolf (1)]
 18153 | Lair:6   | Received a gift from Yredelemnul (4 flying skulls)
 18175 | Lair:6   | HP: 54/119 [spiny frog (8)]
 18212 | Lair:6   | Reached skill level 13 in Fighting
 18217 | Lair:6   | Received a gift from Yredelemnul (3 flying skulls)
 18290 | Lair:6   | Reached XP level 14. HP: 103/129 MP: 16/16
 18355 | Lair:6   | Noticed an entropy weaver
 18358 | Lair:6   | Reached ***** piety under Yredelemnul
 18358 | Lair:6   | Reached skill level 8 in Armour
 18358 | Lair:6   | Reached skill level 8 in Shields
 18374 | Lair:6   | HP: 59/129 [entropy weaver (8)]
 18390 | Lair:6   | Killed an entropy weaver
 18648 | Lair:6   | Noticed an entropy weaver
 18655 | Lair:6   | Killed an entropy weaver
 18846 | Lair:6   | HP: 59/129 [deep troll shaman (12)]
 18856 | Lair:6   | HP: 64/129 [deep troll shaman (5)]
 18861 | Lair:6   | HP: 43/129 [death yak (11)]
 18870 | Lair:6   | HP: 57/129 [deep troll shaman (17)]
 18876 | Lair:6   | HP: 45/129 [death yak (12)]
 18884 | Lair:6   | Noticed a dire elephant
 19239 | Lair:6   | Killed a dire elephant
 19253 | Lair:6   | Got a flickering turquoise ring
 19289 | Lair:6   | Identified the ring "Ethrojeacw" {rF+ rC+ SInv} (You found it on level 6 of the Lair of Beasts)
 19534 | D:12     | Noticed Nessos
 19545 | D:12     | Received a gift from Yredelemnul (a skeletal warrior)
 19579 | D:12     | HP: 57/129 [Nessos/arrow (8)]
 19586 | D:12     | HP: 49/129 [Nessos/arrow (6)]
 19593 | D:12     | Killed Nessos
 19937 | D:12     | Received a gift from Yredelemnul (a vampire)
 20370 | D:12     | Found a runed door.
 20559 | D:12     | Found a runed door.
 20575 | D:12     | Received a gift from Yredelemnul (a skeletal warrior)
 20818 | D:13     | Received a gift from Yredelemnul (a phantasmal warrior)
 20826 | D:13     | Reached skill level 9 in Armour
 20835 | D:13     | Reached skill level 9 in Shields
 21179 | D:13     | Reached skill level 6 in Invocations
 21373 | Orc:2    | Entered Level 2 of the Orcish Mines
 21403 | Orc:2    | Found Limut's General Store.
 21403 | Orc:2    | Noticed an orc warlord
 21409 | Orc:2    | Reached skill level 14 in Fighting
 21415 | Orc:2    | HP: 39/132 [orc knight/war axe (29)]
 21455 | Orc:2    | Killed an orc warlord
 21455 | Orc:2    | Reached XP level 15. HP: 118/138 MP: 8/18
 21480 | Orc:2    | Bought a +2 shield of fire resistance for 365 gold pieces
 21480 | Orc:2    | Bought a scroll of torment for 127 gold pieces
 21519 | Orc:2    | Found a staircase to the Elven Halls.
 21598 | Orc:2    | Found Betann's Antique Weapon Shoppe.
 21621 | Orc:2    | Reached skill level 18 in Unarmed Combat
 21636 | Orc:2    | HP: 64/138 [orc knight/broad axe (19)]
 21644 | Orc:2    | Received a gift from Yredelemnul (a skeletal warrior)
 21862 | Orc:1    | Found Faantyje's Fabulous Fripperies.
 22092 | Orc:2    | Found Ciwetorgh's Jewellery Boutique.
 22115 | Orc:2    | Bought a +5 amulet of reflection for 700 gold pieces
 22124 | Orc:2    | Found Limacsu's Antique Armour Shop.
 22130 | Orc:2    | Paralysed by an orc sorcerer for 2 turns
 22135 | Orc:2    | HP: 69/138 [orc warrior/long sword (20)]
 22142 | Orc:2    | HP: 67/138 [orc knight/great mace (7)]
 22599 | Shoals:1 | Entered Level 1 of the Shoals
 22631 | Shoals:1 | HP: 68/138 [merfolk impaler/demon trident of electrocution (4)]
 22636 | Shoals:1 | HP: 40/138 [merfolk impaler/demon trident of electrocution (3)]
 22688 | Shoals:1 | HP: 56/138 [merfolk/tomahawk (7)]
 22698 | Shoals:1 | HP: 46/138 [merfolk/trident (4)]
 22815 | Shoals:1 | Noticed Frances
 22825 | Shoals:1 | HP: 66/138 [sun demon[Frances] (12)]
 22826 | Shoals:1 | Killed Frances
 22826 | Shoals:1 | Reached skill level 7 in Invocations
 22863 | Shoals:1 | HP: 66/138 [merfolk impaler/trident (18)]
 22882 | Shoals:1 | HP: 62/138 [merfolk/trident (6)]
 22903 | Shoals:1 | HP: 67/139 [merfolk/tomahawk (8)]
 23115 | Shoals:2 | Found Jifips's General Store.
 23115 | Shoals:2 | Found Figas's Jewellery Boutique.
 23141 | Shoals:2 | Received a gift from Yredelemnul (a vampire)
 23153 | Shoals:2 | Bought 2 scrolls of teleportation for 72 gold pieces
 23178 | Shoals:2 | Found Irea's Antique Armour Shoppe.
 23247 | Shoals:2 | Found Geruuvoth's Antique Armour Emporium.
 23259 | Shoals:2 | Identified the +3 shield of Wonder {*Contam +Blink rElec} (You found it on level 2 of the Shoals)
 23275 | Shoals:2 | Bought a scorched helmet for 209 gold pieces
 23285 | Shoals:2 | Identified the +2 helmet of the Distant Future {rPois rF- Str+3 Stlth+} (You bought it in a shop on level 2 of the Shoals)
 23382 | Shoals:2 | Noticed Polyphemus
 23398 | Shoals:2 | HP: 68/139 [catoblepas[Polyphemus] (3)]
 23412 | Shoals:2 | Killed Polyphemus
 23450 | Shoals:2 | Found Zoshrea's Armour Boutique.
 23455 | Shoals:2 | HP: 55/139 [water nymph/the raging water (21)]
 23458 | Shoals:2 | Received a gift from Yredelemnul (a phantasmal warrior)
 23504 | Shoals:2 | Noticed Louise
 23514 | Shoals:2 | Killed Louise
 23849 | Shoals:3 | Reached skill level 10 in Armour
 23905 | Shoals:3 | Reached skill level 10 in Shields
 23916 | Shoals:3 | Received a gift from Yredelemnul (a wraith)
 23988 | Shoals:3 | Reached skill level 8 in Invocations
 23991 | Shoals:3 | HP: 65/138 [water elemental (11)]
 24004 | Shoals:3 | HP: 69/138 [water elemental (8)]
 24005 | Shoals:3 | Received a gift from Yredelemnul (a ghoul)
 24010 | Shoals:3 | HP: 44/138 [harpy (5)]
 24013 | Shoals:3 | HP: 14/138 [merfolk/tomahawk of returning (11)]
 24217 | Shoals:3 | Received a gift from Yredelemnul (a skeletal warrior)
 24471 | Shoals:3 | HP: 64/139 [snapping turtle (16)]
 24475 | Shoals:3 | Reached XP level 16. HP: 46/147 MP: 13/21
 24476 | Shoals:3 | Received a gift from Yredelemnul (a flayed ghost)
 24477 | Shoals:3 | HP: 34/147 [merfolk/trident (12)]
 24692 | Spider:1 | Entered Level 1 of the Spider Nest
 24890 | Spider:1 | Received a gift from Yredelemnul (a vampire)
 24994 | Spider:1 | Reached skill level 15 in Fighting
 25032 | Spider:1 | Received a gift from Yredelemnul (a ghoul)
 25135 | Spider:1 | Reached skill level 9 in Invocations
 25136 | Spider:1 | Received a gift from Yredelemnul (a bone dragon)
 25357 | Spider:1 | Reached ****** piety under Yredelemnul
 25580 | Spider:2 | Received a gift from Yredelemnul (a ghoul)
 26454 | Spider:3 | Received a gift from Yredelemnul (a bone dragon)
 26494 | Spider:3 | Reached skill level 11 in Armour
 26504 | Spider:3 | Received a gift from Yredelemnul (a skeletal warrior)
 26520 | Spider:3 | Reached skill level 11 in Shields
 26564 | Spider:3 | Reached skill level 19 in Unarmed Combat
 26576 | Spider:3 | Received a gift from Yredelemnul (a vampire knight)
 26604 | Spider:3 | Received a gift from Yredelemnul (a skeletal warrior)
 26709 | Spider:3 | Reached skill level 10 in Invocations
 27028 | Spider:3 | Reached XP level 17. HP: 125/157 MP: 23/23
 27329 | Spider:4 | Entered Level 4 of the Spider Nest
 27667 | Spider:4 | Received a gift from Yredelemnul (a vampire knight)
 27764 | Spider:4 | HP: 78/158 [tarantella (9)]
 27765 | Spider:4 | Reached skill level 16 in Fighting
 27776 | Spider:4 | HP: 74/158 [emperor scorpion (10)]
 27782 | Spider:4 | HP: 66/158 [wolf spider (4)]
 27783 | Spider:4 | Received a gift from Yredelemnul (a flayed ghost)
 28155 | Spider:4 | HP: 75/158 [emperor scorpion (17)]
 28169 | Spider:4 | HP: 76/158 [ghost moth (4)]
 28178 | Spider:4 | HP: 65/158 [hornet (2)]
 28183 | Spider:4 | HP: 72/158 [spark wasp (5)]
 28252 | Spider:4 | Got a gossamer rune of Zot
 28775 | Shoals:4 | Entered Level 4 of the Shoals
 28781 | Shoals:4 | Noticed Ilsuiw
 28787 | Shoals:4 | Received a gift from Yredelemnul (a skeletal warrior)
 28797 | Shoals:4 | Killed Ilsuiw
 28797 | Shoals:4 | Enslaved Ilsuiw
 28825 | Shoals:4 | HP: 76/158 [wind drake/the air (11)]
 28866 | Shoals:4 | Received a gift from Yredelemnul (a skeletal warrior)
 28886 | Shoals:4 | Reached skill level 12 in Armour
 28910 | Shoals:4 | Reached skill level 12 in Shields
 28964 | Shoals:4 | Found a frozen archway.
 28981 | Shoals:4 | Received a gift from Yredelemnul (a vampire)
 28992 | IceCv    | Entered an ice cave
 29084 | IceCv    | Received a gift from Yredelemnul (a skeletal warrior)
 29239 | IceCv    | Received a gift from Yredelemnul (a bone dragon)
 29523 | Shoals:4 | Got a wavering iron ring
 29524 | Shoals:4 | Identified the ring of Pride {rElec Str+5 Int+3 Stlth+} (You found it on level 4 of the Shoals)
 29623 | Shoals:4 | Got a barnacled rune of Zot
 29667 | Shoals:4 | Received a gift from Yredelemnul (a flayed ghost)
 29747 | Shoals:4 | Reached XP level 18. HP: 168/168 MP: 24/24
 30201 | Elf:1    | Entered Level 1 of the Elven Halls
 30229 | Elf:1    | Received a gift from Yredelemnul (a bone dragon)
 30269 | Elf:1    | Cast into level 2 of the Abyss (a deep elf sorcerer)
 30355 | Abyss:2  | Noticed a bone dragon
 30367 | Abyss:2  | HP: 76/168 [bone dragon (14)]
 30373 | Abyss:2  | Killed a bone dragon
 30373 | Abyss:2  | Reached skill level 20 in Unarmed Combat
 30378 | Abyss:2  | HP: 44/168 [tentacled starspawn (25)]
 30383 | Abyss:2  | HP: 22/168 [tentacled starspawn (14)]
 30557 | Abyss:2  | Reached skill level 17 in Fighting
 30563 | Abyss:2  | Paralysed by you for 6 turns
 30607 | Abyss:2  | Received a gift from Yredelemnul (a phantasmal warrior)
 30654 | Abyss:2  | HP: 78/169 [daeva/divine providence (12)]
 30662 | Abyss:2  | HP: 57/169 [daeva/divine providence (9)]
 30666 | Elf:1    | Escaped the Abyss
 30757 | Elf:1    | Received a gift from Yredelemnul (a vampire knight)
 30829 | Elf:1    | Noticed Donald
 30836 | Elf:1    | Killed Donald
 31239 | Elf:2    | Learned a level 2 spell: Blink
 31243 | Elf:2    | Learned a level 3 spell: Lesser Beckoning
 31262 | Elf:2    | Reached skill level 13 in Armour
 31281 | Elf:2    | Reached skill level 13 in Shields
 31330 | Elf:2    | HP: 79/169 [deep elf archer/arrow (11)]
 31336 | Elf:2    | HP: 64/169 [deep elf archer/arrow (5)]
 31344 | Elf:2    | HP: 76/169 [deep elf archer/arrow (17)]
 31579 | Elf:2    | Found a runed gate.
 31579 | Elf:2    | Found a runed gate.
 31579 | Elf:2    | Found a runed gate.
 31687 | Elf:2    | Received a gift from Yredelemnul (a vampire knight)
 31777 | Elf:2    | Noticed Agnes
 31785 | Elf:2    | Killed Agnes
 31794 | Elf:2    | Reached XP level 19. HP: 106/178 MP: 19/25
 31803 | Elf:2    | Received a gift from Yredelemnul (a skeletal warrior)
 31880 | Elf:2    | HP: 81/179 [halberd of venom (12)]
 32131 | Elf:3    | Entered Level 3 of the Elven Halls
 32213 | Elf:3    | Found Wecipt's General Store.
 32238 | Elf:3    | Reached skill level 18 in Fighting
 32254 | Elf:3    | HP: 78/179 [deep elf high priest/damnation (34)]
 32259 | Elf:3    | HP: 70/179 [deep elf high priest/divine providence (8)]
 32271 | Elf:3    | Found a magical portal.
 32301 | WizLab   | Entered Doroklohe's Tomb
 32493 | WizLab   | Noticed an electric golem
 32522 | WizLab   | HP: 89/179 [electric golem (5)]
 32527 | WizLab   | Received a gift from Yredelemnul (a vampire knight)
 32527 | WizLab   | HP: 79/179 [electric golem/bolt of lightning (10)]
 32539 | WizLab   | HP: 60/179 [electric golem (5)]
 32546 | WizLab   | HP: 49/179 [electric golem/bolt of lightning (9)]
 32548 | WizLab   | HP: 18/179 [electric golem/bolt of lightning (11)]
 32551 | WizLab   | Slain by an earth elemental

Vanquished Creatures
  A bone dragon (Abyss:2)
  Agnes (Elf:2)
  2 tentacled starspawn (Abyss:2)
  Frances (Shoals:1)
  Donald (Elf:1)
  A daeva (Abyss:2)
  3 deep elf sorcerers (Elf:2)
  An orc warlord (Orc:2)
  4 ghost moths
  An emperor scorpion (Spider:3)
  A war gargoyle (WizLab)
  3 entropy weavers
  Nessos (D:12)
  A blizzard demon (IceCv)
  3 spark wasps (Spider:4)
  A merfolk javelineer (Shoals:4)
  A dire elephant (Lair:6)
  A crystal guardian (WizLab)
  3 merfolk impalers (Shoals:4)
  Fannar (Lair:3)
  A hydra (Lair:2)
  A catoblepas (Lair:6)
  2 merfolk avatars
  4 two-headed ogres
  A centaur warrior (D:13)
  5 merfolk aquamancers
  16 dancing weapons
  2 satyrs (Shoals:3)
  13 death yaks
  2 thrashing horrors (Abyss:2)
  A deep troll shaman (Lair:6)
  An orc high priest (Orc:2)
  An iron golem (WizLab)
  Sonja (Lair:3)
  5 deep elf knights
  3 wretched stars (Abyss:2)
  A sixfirhy (Abyss:2)
  5 sea snakes
  5 deep elf archers (Elf:2)
  4 orc knights (Orc:2)
  3 harpies (Shoals:3)
  Pikel (D:4)
  3 orc sorcerers (Orc:2)
  6 orb spiders
  42 deep elf magi
  An ugly thing (D:13)
  31 wolf spiders
  2 cyclopes
  A moth of wrath (Spider:3)
  8 fauns
  8 manticores
  A worldbinder (Abyss:2)
  3 elephants (Lair:6)
  3 water nymphs
  A centaur zombie (D:12)
  6 merfolk sirens
  Joseph (D:8)
  A black mamba (shapeshifter) (Elf:2)
  2 ice statues (IceCv)
  Psyche (D:8)
  An apocalypse crab (Abyss:2)
  A black mamba (Lair:6)
  2 torpor snails
  3 gargoyles (WizLab)
  A centaur skeleton (D:13)
  10 spiny frogs
  A kobold demonologist (D:13)
  2 freezing wraiths (Shoals:4)
  2 rime drakes
  8 demonic crawlers
  An orange demon (Abyss:2)
  4 komodo dragons
  An ancient zyme (Abyss:2)
  2 yaktaurs (shapeshifter) (Elf:2)
  13 ice devils (IceCv)
  14 jumping spiders
  7 merfolk
  Grinder (D:3)
  3 wind drakes
  6 trolls
  8 dream sheep
  15 hornets
  A raiju (Abyss:2)
  18 blink frogs
  6 slime creatures
  6 snapping turtles
  7 hippogriffs
  34 redbacks
  4 wraiths
  3 flying skulls (Abyss:2)
  2 air elementals (Elf:2)
  36 yaks
  24 tarantellas
  2 wyverns
  2 fire elementals
  2 large abominations (Abyss:2)
  5 hungry ghosts
  A chaos spawn (Abyss:2)
  4 water elementals
  Eustachio (D:4)
  2 vampire mosquitoes (D:13)
  Menkaure (D:5)
  Edmund (D:6)
  3 wargs
  3 soldier ants (Lair:6)
  8 porcupines
  5 water moccasins
  21 orc warriors
  4 black bears
  An ice beast (D:7)
  2 eyes of draining
  A sky beast (D:11)
  2 necrophages
  3 slaves
  3 phantoms
  13 ogres
  13 wolves
  7 centaurs
  10 crocodiles
  Blork the orc (D:5)
  A big kobold (D:5)
  10 bullfrogs
  3 earth elementals
  2 small abominations (Abyss:2)
  9 scorpions
  15 killer bees
  2 howler monkeys
  3 crimson imps
  5 vampire bats
  4 bullfrog zombies
  2 quasits
  12 orc priests
  Crazy Yiuf (D:3)
  3 bullfrog skeletons
  3 hounds
  4 jellies
  An iron imp (Abyss:2)
  Jessica (D:3)
  28 worker ants
  3 iguanas
  16 orc wizards
  Terence (D:3)
  3 worker ant zombies
  3 gnolls (D:6)
  A howler monkey skeleton (D:6)
  11 adders
  3 shadow imps
  9 white imps (IceCv)
  3 ufetubi (IceCv)
  An adder skeleton (D:5)
  3 worms
  3 dart slugs
  7 leopard geckos
  41 orcs
  14 bats
  3 bat skeletons (D:6)
  2 bat zombies (D:6)
  5 giant cockroaches
  2 gnoll zombies (D:5)
  8 goblins
  5 hobgoblins
  9 jackals
  6 quokkas
  A ball python (D:3)
  4 frilled lizards
  10 kobolds
  3 leopard gecko skeletons
  An orc zombie (D:7)
  7 rats
  4 starspawn tentacles (Abyss:2)
900 creatures vanquished.

Vanquished Creatures (collateral kills)
  Polyphemus (Shoals:2)
  Gastronok (Lair:3)
  2 deep elf sorcerers
  Louise (Shoals:2)
  3 ghost moths
  An emperor scorpion (Spider:4)
  An entropy weaver (Spider:3)
  A spark wasp (Spider:4)
  2 merfolk javelineers (Shoals:4)
  6 merfolk impalers
  A deep elf death mage (Elf:3)
  A deep elf high priest (Elf:3)
  2 hydras
  2 merfolk avatars
  2 merfolk aquamancers (Shoals:4)
  A satyr (Shoals:4)
  A catoblepas (Shoals:2)
  4 dancing weapons
  A death yak (Shoals:2)
  A queen ant (Lair:6)
  6 deep elf knights
  An iron golem (WizLab)
  A fire crab (shapeshifter) (D:10)
  4 sea snakes
  2 deep elf archers (Elf:3)
  4 harpies
  2 orc knights (Orc:2)
  16 orb spiders
  17 wolf spiders
  5 manticores
  12 deep elf magi
  3 moths of wrath
  An elephant (Lair:6)
  10 fauns
  3 merfolk sirens
  3 water nymphs
  A spiny frog (Lair:6)
  2 torpor snails
  4 demonic crawlers
  16 jumping spiders
  A polar bear (Lair:6)
  5 wind drakes
  2 hornets
  A troll (Orc:2)
  17 merfolk
  3 dream sheep
  A tarantella zombie (Spider:3)
  4 blink frogs
  2 hippogriffs
  2 snapping turtles
  2 slime creatures (D:12)
  36 redbacks
  3 water elementals (Shoals:3)
  25 tarantellas
  7 yaks
  An air elemental (Elf:3)
  6 soldier ants (Lair:6)
  2 vampire mosquitoes (D:13)
  A porcupine (Lair:4)
  3 water moccasins
  A black bear (Lair:6)
  An ice beast (D:13)
  3 orc warriors
  2 phantoms
  2 elf zombies
  A necrophage (D:10)
  A centaur (Shoals:4)
  3 wolves
  2 crocodiles
  2 bullfrogs
  2 scorpions
  6 killer bees
  A howler monkey (D:8)
  A crimson imp (D:7)
  A hound (D:11)
  A bullfrog skeleton (D:13)
  3 orc wizards
  A centaur skeleton (D:8)
  An iguana (D:8)
  9 worker ants
  3 adders
  A shadow imp (D:8)
  An ufetubus (IceCv)
  A leopard gecko (D:8)
  5 orcs
  A bush (Lair:6)
  3 butterflies (D:12)
  21 fungi
  27 plants
379 creatures vanquished.

Vanquished Creatures (others)
  A bone dragon (Spider:4)
  2 ghouls
  2 vampire knights
  A merfolk javelineer (Shoals:4)
  A death yak (Lair:6)
  2 deep elf knights (Elf:2)
  7 skeletal warriors
  An entropy weaver zombie (Spider:3)
  2 flayed ghosts
  2 phantasmal warriors
  4 deep elf archers (Elf:2)
  5 wolf spider zombies
  A manticore (Shoals:2)
  A deep elf mage (Elf:3)
  2 sea snake zombies
  2 death yak zombies (D:11)
  14 redback zombies
  A demonic crawler zombie (Spider:4)
  2 harpy zombies (Shoals:3)
  A jumping spider (Spider:4)
  9 tarantella zombies
  3 jumping spider zombies
  7 flying skulls (Lair:6)
  2 vampires
  2 wraiths
  A spiny frog zombie (Lair:6)
  A faun zombie (Shoals:3)
  2 hornet zombies
  3 manticore zombies
  An orb spider zombie (Spider:4)
  7 elf zombies
  2 elephant zombies (Lair:6)
  5 blink frog zombies
  2 dream sheep zombies (Lair:6)
  A merfolk skeleton (Shoals:4)
  A water moccasin zombie (Lair:3)
  2 elf skeletons (Lair:6)
  2 warg zombies (Orc:2)
  7 yak zombies
  3 wights
  2 wolf zombies (Lair:6)
  A bullfrog zombie (D:10)
  A black bear zombie (D:11)
  5 soldier ant zombies (Lair:6)
  2 killer bee zombies (D:8)
  A crocodile zombie (Lair:6)
  A dwarf skeleton (Lair:6)
  2 mummies
  2 worker ant zombies (Lair:6)
  A white imp (IceCv)
  4 ufetubi (IceCv)
  7 orc zombies
  An orc (D:4)
  A ball python skeleton (D:4)
  2 jackal zombies (D:11)
  A bush (Lair:2)
  6 fungi (Orc:2)
  A lurking horror (Abyss:2)
  17 plants
  3 starspawn tentacles (Abyss:2)
178 creatures vanquished.

Grand Total: 1457 creatures vanquished
